 Dungeon Crawl Stone Soup version 0.28.0-53-g5a82cb258f (webtiles) character file.

Game seed: 11938951612923081791

462 pkoi the Chiller (level 6, -1/45 HPs)
             Began as a Demigod Ice Elementalist on May 28, 2022.
             Slain by an orc wizard
             ... wielding a +0 dagger
              (2 damage)
             ... on level 4 of the Dungeon.
             The game lasted 00:05:53 (3959 turns).

pkoi the Chiller (Demigod Ice Elementalist)         Turns: 3959, Time: 00:05:54

Health: -1/45      AC:  9    Str:  9    XL:     6   Next: 49%
Magic:  3/11       EV: 12    Int: 25    God:
Gold:   160        SH:  0    Dex: 14    Spells: 1/8 levels left

rFire   . . .      SeeInvis .   o - +0 rapier (speed)
rCold   . . .      Faith    .   (no shield)
rNeg    . . .      Spirit   .   a - +0 robe
rPois   .          Reflect  .   (no helmet)
rElec   .          Harm     .   (no cloak)
rCorr   .          Rampage  .   (no gloves)
Will    .....                   (no boots)
Stlth   ++........              (no amulet)
HPRegen 0.15/turn               (no ring)
MPRegen 0.12/turn               (no ring)

@: ice-armoured, freezing walls, attractive, hasted, invisible, very quick
A: high MP 1, forlorn, divine attributes
a: no special abilities


You were on level 4 of the Dungeon.
You visited 1 branch of the dungeon, and saw 4 of its levels.

You collected 160 gold pieces.

Inventory:

Hand Weapons
 d - a +0 whip
 n - a +1 whip of draining
 o - a +0 rapier of speed (weapon)
Armour
 a - a +0 robe (worn)
Jewellery
 e - a ring of fire
 j - a +4 ring of protection
Scrolls
 h - 2 scrolls of teleportation {unknown}
 k - 3 scrolls of identify {unknown}
 m - a scroll of fog {unknown}
Potions
 c - a potion of attraction
 f - a potion of flight {unknown}
 g - a potion of mutation {unknown}
 l - a potion of heal wounds {unknown}


   Skills:
 - Level 1.7 Dodging
 - Level 1.7 Stealth
 - Level 1.7 Spellcasting
 + Level 1.3 Conjurations
 + Level 7.3 Ice Magic


You had one spell level left.
You knew the following spells:

 Your Spells              Type           Power      Damage    Failure   Level
a - Freeze                Ice            100%       1d11      1%          1
b - Frozen Ramparts       Ice            76%        1d9       1%          3
c - Ozocubu's Armour      Ice            38%        N/A       1%          3

Your spell library contained the following spells:

 Spells                   Type           Power      Damage    Failure   Level
 Beastly Appendage        Tmut           4%         N/A       12%         1
 Wereblood                Tmut           2%         N/A       17%         2
 Hailstorm                Conj/Ice       23%        3d7       19%         4
 Dazzling Flash           Conj/Hex       10%        N/A       26%         3
 Spider Form              Tmut/Pois      2%         N/A       34%         3
 Iskenderun's Mystic Bla  Conj/Tloc      5%         2d3       65%         4
 Starburst                Conj/Fire      2%         6d3       100%        6


Dungeon Overview and Level Annotations

Branches:
Dungeon (4/15)
 Temple: D:4-7

Annotations:
D:3 2 transporters


Innate Abilities, Weirdness & Mutations

You have an increased reservoir of magic. (+10% MP)
You shall have no god before yourself.
Your divine heritage dramatically boosts your attributes as you level up.


Message History

The ogre is moderately wounded.
The adder hisses angrily.
The wall freezes the ogre!
The ogre misses you.
Unknown command.
Aiming: Freeze (safe; 1% risk of failure)
Press: ? - help, Q - select action, (/) - cycle Shift-Dir - straight line, f/p - ogre
Aim: an ogre, wielding a +0 giant club (severely wounded)
You freeze the ogre!
You kill the ogre!
The wall freezes the orc.
Your Conjurations skill increases to level 1!
You hit the orc.
The orc is heavily wounded.
The wall freezes the orc.
You kill the orc!
The wall freezes the adder.
The adder seems to slow down.
The wall freezes the adder!
You kill the adder!
The wall freezes something.
A magic dart appears from out of thin air!
The magic dart hits you.
* * * LOW HITPOINT WARNING * * *
It was a potion of attraction.
You feel attractive to monsters.
The wall freezes something.
It was a potion of invisibility.
You fade into invisibility!
The wall freezes something.
Something hits you but does no damage.
The wall freezes the adder.
The adder seems to slow down.
Aiming: Freeze (safe; 1% risk of failure)
Press: ? - help, Q - select action, (/) - cycle Shift-Dir - straight line, f - adder
Aim: an adder (heavily wounded, slow)
You freeze the adder.
The adder is heavily wounded.
The wall freezes something.
The wall freezes the adder!
You kill the adder!
Something is attracted toward you.
It was a potion of haste.
You feel yourself speed up.
The wall freezes something.
Something hits you.
You die...

.. ...## #.....### ...
###...######......# ...#
#......##..##...###
....##...#.......#...###
..o...#..##......#....÷[
........##....#..÷......
......§.......####......
....###)...##.# ##.....
. #@##.#...# ##..>.
#).......####.....
##†......##...(...
.....#..#...#....
............#...#
#............##.#
............##..
................
...####...


There were no monsters in sight!

Vanquished Creatures
  Eustachio (D:4)
  A black bear (D:4)
  An ogre (D:4)
  3 gnolls (D:3)
  4 adders
  3 worms
  A dart slug (D:2)
  2 orcs (D:4)
  9 endoplasms
  3 giant cockroaches
  3 goblins (D:1)
  6 hobgoblins
  6 jackals
  4 quokkas
  10 ball pythons
  9 bats
  3 frilled lizards
  5 kobolds
  5 rats
79 creatures vanquished.

Vanquished Creatures (others)
  7 fungi (D:2)
  3 plants (D:2)
10 creatures vanquished.

Grand Total: 89 creatures vanquished

Notes
Turn   | Place    | Note
-------+----------+-------------------------------------------
     0 | D:1      | pkoi the Demigod Ice Elementalist began the quest for the
                  | Orb.
     0 | D:1      | Reached XP level 1. HP: 14/14 MP: 5/5
   589 | D:1      | Reached skill level 4 in Ice Magic
   678 | D:1      | Reached XP level 2. HP: 20/20 MP: 4/7
  1628 | D:2      | Reached XP level 3. HP: 26/26 MP: 5/8
  1925 | D:2      | Learned a level 3 spell: Frozen Ramparts
  2247 | D:2      | Reached skill level 5 in Ice Magic
  2769 | D:3      | Reached XP level 4. HP: 29/33 MP: 2/9
  2902 | D:3      | Found a transporter.
  2922 | D:3      | Noticed a kobold demonologist
  2939 | D:3      | Found a transporter.
  3560 | D:4      | Noticed Eustachio
  3571 | D:4      | Killed Eustachio
  3572 | D:4      | Reached skill level 6 in Ice Magic
  3572 | D:4      | Reached XP level 5. HP: 23/38 MP: 3/10
  3707 | D:4      | Noticed a black bear
  3715 | D:4      | Killed a black bear
  3716 | D:4      | Reached skill level 7 in Ice Magic
  3716 | D:4      | Reached XP level 6. HP: 35/45 MP: 4/11
  3886 | D:4      | Learned a level 3 spell: Ozocubu's Armour
  3953 | D:4      | Reached skill level 1 in Conjurations
  3955 | D:4      | HP: 1/45 [something/magic dart (6)]
  3959 | D:4      | Slain by an orc wizard

Illustrated notes

Levels and vault maps discovered:
D:1:      heliophobic_arrival_ceremonial_halls, layout_loops_ring,
          kennysheep_nondescript, minmay_tall_x
D:2:      layout_basic, shapermc_ecumenical_altar_mp_urbaneastern
D:3:      gammafunk_wand_slinger, layout_basic
D:4:      cheibrodos_barr_body, layout_cave_pools, elyvilon_altar_1,
          nicolae_overflow_hidden_temple, minmay_temple_entry_offerings,
          uniq_grinder, uniq_eustachio

Skill      XL: |  1  2  3  4  5  6 |
---------------+-------------------+-----
Ice Magic      | 4 5 6 7 |  7.3
Conjurations   | 1 |  1.3
Dodging        | |  1.7
Stealth        | |  1.7
Spellcasting   | |  1.7

Action                   |  1- 3 |  4- 6 || total
-------------------------+-------+-------++-------
Melee: Whip              |    16 |     6 ||    22
       Rapier            |       |     1 ||     1
 Cast: Freeze            |    78 |    34 ||   112
       Frozen Ramparts   |     1 |     4 ||     5
       Ozocubu's Armour  |       |     2 ||     2
  Use: Potion            |       |     3 ||     3
 Stab: Sleeping          |     1 |       ||     1
Armor: Robe              |     5 |     6 ||    11
Dodge: Dodged            |    47 |    27 ||    74
